 Dungeon Crawl Stone Soup version 0.31-a0-1001-g770356a28f (webtiles) character file.

Game seed: 14712202484902980521

9996 DrLatency the Summoner (level 11, -7/67 HPs)
             Began as a Mummy Summoner on Nov 8, 2023.
             Was a Priest of Hepliaklqana.
             Killed from afar by a steam dragon (42 damage)
             ... with a ball of steam
             ... on level 10 of the Dungeon.
             The game lasted 00:21:05 (10615 turns).

DrLatency the Summoner (Mummy Summoner)            Turns: 10615, Time: 00:21:06

Health: -7/67      AC:  7    Str: 11    XL:     11   Next: 30%
Magic:  18/25      EV: 12    Int: 25    God:    Hepliaklqana [***...]
Gold:   570        SH:  0    Dex: 13    Spells: 18/30 levels left

rFire   x . .        m - +5 scythe (venom)
rCold   + + .        (shield currently unavailable)
rNeg    + + +        y - +2 robe {rC+}
rPois   ∞            z - +0 helmet
rElec   .            h - +0 cloak
rCorr   .            (no gloves)
SInv    .            i - +0 pair of boots
Will    +....        (no amulet)
Stlth   ++           f - +6 ring of intelligence
HPRegen 0.31/turn    (no ring)
MPRegen 0.19/turn

%: faith
@: fragile
A: reduced essence, cold resistance 1, negative energy resistance 3, torment
resistance 2, heat vulnerability 1, in touch with death 1, no potions, faith
a: Renounce Religion, Recall Ancestor, Ancestor Identity, Transference


You were on level 10 of the Dungeon.
You worshipped Hepliaklqana.
Hepliaklqana was most pleased with you.
You visited 2 branches of the dungeon, and saw 11 of its levels.

You collected 570 gold pieces.

Inventory:

Hand Weapons
 c - a +0 dagger
 d - a +0 long sword
 m - a +5 scythe of venom (weapon)
Missiles
 t - a throwing net
Armour
 a - a +0 robe
 h - a +0 cloak (worn)
 i - a +0 pair of boots (worn)
 y - a +2 robe of cold resistance (worn)
 z - a +0 helmet (worn)
Jewellery
 e - a ring of ice
 f - a +6 ring of intelligence (left hand)
 B - an amulet of guardian spirit
 D - a +6 ring of strength
Wands
 g - a wand of roots (7)
 o - a wand of paralysis (20)
 s - a wand of flame (30)
 w - a wand of quicksilver (11)
 C - a wand of digging (4)
Scrolls
 b - 3 scrolls of amnesia
 j - 3 scrolls of fear
 k - a scroll of brand weapon
 l - a scroll of silence
 n - 2 scrolls of fog
 p - 3 scrolls of teleportation
 q - a scroll of noise
 r - a scroll of enchant armour {unknown}
 v - a scroll of enchant weapon {unknown}
 x - a scroll of revelation {unknown}
 A - a scroll of immolation {unknown}
 E - 3 scrolls of torment {unknown}
 F - a scroll of vulnerability {unknown}
 G - a scroll of identify
Miscellaneous
 u - a tin of tremorstones (2/2)


   Skills:
 - Level 3.1 Fighting
 - Level 1.5 Dodging
 - Level 1.5 Stealth
 - Level 10.0 Spellcasting
 - Level 12.1 Summonings
 + Level 6.3 Invocations


You had 18 spell levels left.
You knew the following spells:

 Your Spells              Type           Power      Damage    Failure   Level
b - Call Imp              Summ           100%       N/A       1%          2
c - Call Canine Familiar  Summ           65%        N/A       1%          3
d - Summon Guardian Gole  Hex/Summ       43%        N/A       1%          3
f - Summon Lightning Spi  Summ/Air       43%        N/A       4%          4

Your spell library contained the following spells:

 Spells                   Type           Power      Damage    Failure   Level
 Summon Small Mammal      Summ           100%       N/A       1%          1
 Cigotuvi's Dreadful Rot  Necr/Pois/Air  36%        N/A       8%          2
 Dazzling Flash           Conj/Hex       24%        N/A       14%         3
 Ignite Poison            Fire/Tmut/Pois 12%        N/A       14%         3
 Sigil of Binding         Hex            12%        N/A       14%         3
 Cause Fear               Hex            6%         N/A       43%         4
 Dimensional Bullseye     Hex/Tloc       6%         N/A       43%         4
 Leda's Liquefaction      Hex/Erth       6%         N/A       43%         4
 Sticky Flame             Conj/Fire      12%        2d4       43%         4
 Agony                    Necr           18%        N/A       80%         5
 Fireball                 Conj/Fire      6%         3d5       80%         5
 Freezing Cloud           Conj/Ice/Air   6%         6-21      80%         5
 Silence                  Hex/Air        6%         N/A       80%         5
 Simulacrum               Ice/Necr       9%         N/A       100%        6
 Ozocubu's Refrigeration  Ice            6%         4d8       100%        7
 Ignition                 Fire           6%         3d4       100%        8
 Dragon's Call            Summ           32%        N/A       100%        9
 Polar Vortex             Ice            6%         N/A       100%        9


Dungeon Overview and Level Annotations

Branches:
Dungeon (10/15)            Temple (1/1) D:4             Orc (0/2) D:10
   Lair: D:8-11

Altars:
Ashenzari
Cheibriados
Dithmenos
Fedhas
Gozag
Hepliaklqana
Kikubaaqudgha
Makhleb
Nemelex Xobeh
Okawaru
Qazlal
Ru
Sif Muna
Trog
Uskayaw
Wu Jian
Xom
Yredelemnul
Jiyva

Annotations:
D:10 3 runed translucent doors, WhatIsLove's ghost, journeyman DjFE


Innate Abilities, Weirdness & Mutations

Your life essence is reduced to manifest your ancestor. (-10% HP)
You are immune to poison.
Your flesh is cold resistant. (rC+)
You are immune to negative energy. (rN+++)
You are immune to unholy pain and torment.
You are vulnerable to heat. (rF-)
You are in touch with the powers of death.
You do not drink.
You have a special connection with the divine. (Faith)


Message History

You feel your fragility will last longer.
Reach: m) +5 scythe (venom)
Press: ? - help, Dir - move target, f/p - glass eye
Aim: a glass eye (almost dead, ally target, about 50% to evade your +5 scythe of venom)
You reach to attack!
You barely miss the glass eye.
The glass eye is almost dead.
Your warg misses the glass eye.
A steam dragon comes into view.
Your warg barely misses the glass eye.
Reach: m) +5 scythe (venom)
Press: ? - help, Dir - move target, f/p - glass eye
Aim: a glass eye (severely wounded, ally target, about 50% to evade your +5 scythe of venom)
You could not reach far enough!
Your warg bites the glass eye!
The glass eye dies!
You swap places.
Things that are here:
a +0 mace; a +0 club; a +0 leather armour The steam dragon breathes steam at you.
The ball of steam hits you! The steam scalds you terribly!
Things that are here:
a +0 dagger; a +0 robe Your warg is engulfed in a cloud of scalding steam.
The steam dragon breathes steam at you. The ball of steam hits your warg!!
Takurtum emerges from the mists of memory!
You swap places.
You start resting.
Takurtum casts a spell at the steam dragon.
The puff of frost hits the steam dragon!
Casting: Call Canine Familiar (safe; 1% risk of failure)
Confirm with . or Enter, or press ? or * to list all spells.
Takurtum hits the steam dragon with a +0 quarterstaff!
Casting: Call Canine Familiar (safe; 1% risk of failure)
Confirm with . or Enter, or press ? or * to list all spells.
A guardian golem appears, shielding your allies.
The steam dragon breathes steam at Takurtum.
The ball of steam misses Takurtum.
The ball of steam hits you!! The steam scalds you terribly!
Ouch! That really hurt!
You die...

##.#§#
#............
#..#.#####
###.#...##+++
##.#.....#
#.#####....
..#####.## #
#..... ..# #..#
#..J.. .###
##.#########
#.J... . ###
#.#.......#
##..=.
..###.#..9....#.
##!_$
#.#..DR@.......
#>..#h.......##
#.#..).......#
##
..###.#.......#
#. ###
#.#.......# #.
#.######### #)
#.###### #)
#......# #.
######.# #####
#.


You could see the friendly Takurtum the battlemage (sheltered), a steam dragon
(distracted, catching breath, ally target), a friendly guardian golem (summoned)
and a friendly warg (summoned, sheltered).

Vanquished Creatures
  Erica (D:9)
  A hornet (D:7)
  Menkaure (D:7)
  Edmund (D:4)
  5 black bears
  An ogre (D:5)
  A centaur (D:8)
  A kobold brigand (D:9)
  2 scorpions
  2 howler monkeys
  2 hounds
  A gnoll bouda (D:6)
  2 orc priests
  2 sleepcaps
  4 iguanas
  4 orc wizards
  2 adders
  2 white imps
  2 dart slugs (D:1)
  15 orcs
  5 bats
  6 endoplasms
  A giant cockroach (D:2)
  5 goblins
  10 hobgoblins
  2 jackals (D:3)
  2 quokkas
  8 ball pythons
  A frilled lizard (D:1)
  9 kobolds
  6 rats
107 creatures vanquished.

Vanquished Creatures (collateral kills)
  3 two-headed ogres
  A cyclops (D:9)
  A gargoyle (D:10)
  A glass eye (D:10)
  Sigmund (D:3)
  5 yaks (D:10)
  2 shadows
  2 steam dragons
  An acid dragon (D:9)
  A water moccasin (D:7)
  2 orc warriors
  2 sky beasts
  2 black bears
  5 ogres
  3 centaurs
  3 kobold brigands
  A bullfrog (D:7)
  2 scorpions
  A gnoll sergeant (D:7)
  4 killer bees
  3 howler monkeys
  3 orc priests
  2 hounds (D:7)
  2 jellies
  Jessica (D:3)
  2 gnoll boudas
  5 orc wizards
  2 sleepcaps
  3 iguanas
  Robin (D:3)
  14 gnolls
  5 adders
  A white imp (D:4)
  2 worms
  11 orcs
  A bat (D:2)
  4 endoplasms
  2 giant cockroaches
  6 goblins
  3 hobgoblins
  2 quokkas (D:1)
  3 ball pythons
  19 kobolds
  A rat (D:3)
141 creatures vanquished.

Vanquished Creatures (others)
  An orc knight (D:10)
  A shadow (D:10)
  8 battlemagi
  2 ancestors (D:6)
  A kobold (D:10)
13 creatures vanquished.

Grand Total: 261 creatures vanquished

Notes
Turn   | Place    | Note
-------+----------+-------------------------------------------
     0 | D:1      | DrLatency the Mummy Summoner began the quest for the Orb.
     0 | D:1      | Reached XP level 1. HP: 13/13 MP: 4/4
   114 | D:1      | Reached XP level 2. HP: 3/19 MP: 3/5
   289 | D:1      | Learned a level 2 spell: Call Imp
   387 | D:1      | Reached skill level 4 in Summonings
   522 | D:1      | Reached XP level 3. HP: 7/24 MP: 1/7
   613 | D:1      | Learned a level 3 spell: Call Canine Familiar
  1390 | D:2      | Reached XP level 4. HP: 30/30 MP: 3/8
  2465 | D:3      | Noticed Jessica
  2472 | D:3      | Killed Jessica
  2607 | D:3      | Noticed Sigmund
  2626 | D:3      | Killed Sigmund
  2627 | D:3      | Reached skill level 5 in Summonings
  2627 | D:3      | Reached XP level 5. HP: 25/35 MP: 4/11
  2627 | D:3      | Reached XP level 6. HP: 30/41 MP: 4/12
  2754 | D:3      | Noticed Robin
  2774 | D:3      | Killed Robin
  2806 | D:3      | Found an ancient bone altar of Kikubaaqudgha.
  3227 | D:3      | Reached skill level 6 in Summonings
  3294 | D:4      | Found a bloodstained altar of Trog.
  3308 | D:4      | Reached XP level 7. HP: 41/46 MP: 4/13
  3400 | D:4      | Found a staircase to the Ecumenical Temple.
  3425 | D:4      | Reached skill level 7 in Summonings
  3607 | D:4      | Noticed Edmund
  3625 | D:4      | Killed Edmund
  3626 | D:4      | Reached skill level 8 in Summonings
  3867 | Temple   | Entered the Ecumenical Temple
  3985 | Temple   | Became a worshipper of Hepliaklqana the Forgotten
  4178 | D:4      | Reached XP level 8. HP: 41/52 MP: 14/14
  4295 | D:5      | Entered Level 5 of the Dungeon
  4567 | D:5      | Reached skill level 9 in Summonings
  4574 | D:5      | Learned a level 3 spell: Summon Guardian Golem
  4879 | D:5      | Found a sparkling altar of Nemelex Xobeh.
  4953 | D:5      | Reached * piety under Hepliaklqana
  5215 | D:5      | Found a shadowy altar of Dithmenos.
  5220 | D:5      | Found a basalt altar of Yredelemnul.
  5561 | D:6      | Reached skill level 10 in Summonings
  5718 | D:6      | Reached XP level 9. HP: 45/51 MP: 10/15
  5906 | D:6      | Identified the +8 flail of Geossi {flame, rCorr}
  6104 | D:7      | Reached ** piety under Hepliaklqana
  6105 | D:7      | Remembered your ancestor Takurtum as a battlemage
  6416 | D:7      | Found a snail-covered altar of Cheibriados.
  6440 | D:7      | Noticed Menkaure
  6448 | D:7      | Killed Menkaure
  6449 | D:7      | Reached skill level 11 in Summonings
  6842 | D:7      | Reached skill level 12 in Summonings
  6908 | D:7      | Learned a level 4 spell: Summon Lightning Spire
  7207 | D:8      | Found an ornate altar of the Wu Jian Council.
  7610 | D:8      | Reached *** piety under Hepliaklqana
  7639 | D:8      | Reached skill level 5 in Spellcasting
  7639 | D:8      | Reached XP level 10. HP: 20/56 MP: 5/17
  8090 | D:8      | Noticed a two-headed ogre
  8110 | D:8      | Killed a two-headed ogre
  8348 | D:9      | Noticed Erica
  8356 | D:9      | Killed Erica
  8850 | D:9      | Found a hide-covered altar of Uskayaw.
  8972 | D:9      | Found a stormy altar of Qazlal.
  9102 | D:9      | Found a broken altar of Ashenzari.
  9172 | D:9      | Noticed a cyclops
  9199 | D:9      | Killed a cyclops
  9200 | D:9      | Reached skill level 10 in Spellcasting
  9639 | D:9      | Found a burning altar of Makhleb.
  9941 | D:10     | Entered Level 10 of the Dungeon
  9954 | D:10     | Reached skill level 1 in Fighting
  9969 | D:10     | Reached skill level 1 in Invocations
  9981 | D:10     | Noticed a two-headed ogre
  9988 | D:10     | Killed a two-headed ogre
 10028 | D:10     | Reached XP level 11. HP: 53/67 MP: 8/25
 10193 | D:10     | Found a shimmering blue altar of Sif Muna.
 10225 | D:10     | Found a runed translucent gate.
 10225 | D:10     | Found a runed translucent gate.
 10225 | D:10     | Found a runed translucent gate.
 10230 | D:10     | Found a viscous altar of Jiyva.
 10230 | D:10     | Noticed WhatIsLove's ghost (journeyman DjFE)
 10266 | D:10     | Reached **** piety under Hepliaklqana
 10329 | D:10     | Found a staircase to the Orcish Mines.
 10354 | D:10     | Noticed an orc knight
 10431 | D:10     | Killed an orc knight
 10438 | D:10     | Reached skill level 5 in Invocations
 10564 | D:10     | Noticed a two-headed ogre
 10572 | D:10     | Killed a two-headed ogre
 10615 | D:10     | Killed from afar by a steam dragon

Illustrated notes

Levels and vault maps discovered:
D:1:      minmay_arrival_arboretum_small, layout_basic, st_stairs_7,
          minmay_pentomino_r2
D:2:      layout_rooms, minivault_5, kennysheep_path_1
D:3:      layout_basic, nicolae_kikubaaqudgha_miasma_corner, uniq_jessica,
          uniq_robin, uniq_sigmund
D:4:      layout_basic, old_standard_altar, trog_ov_bears_minmay,
          minmay_temple_entry_junction, uniq_edmund
D:5:      layout_loops_ring, nemelex_dance_club_becter, minitemple,
          serial_bayou_ford_a, hellmonk_no_cap
D:6:      layout_rooms, nicolae_underground_beach
D:7:      minmay_octagon_keep, layout_rooms, cheibriados_altar_1, uniq_menkaure
D:8:      layout_loops_ring, kennysheep_mini_moat
D:9:      layout_loops_ring, nicolae_uskayaw_murder_on_the_dancefloor,
          mainiacjoe_overflow_24_doors, elyvilon_altar_5,
          lightli_temple_of_fire, nicolae_qazlal_scattered_showers,
          mainiacjoe_overflow_small_starburst, uniq_erica
D:10:     layout_loops_ring, mainiacjoe_overflow_six_doors_small,
          nicolae_overflow_crystal_walls, orc_0_dummy, gammafunk_ghost_ooze,
          onia_ninara_cookie
Temple:   nicolae_temple_stand_before_the_council

Skill      XL: |  1  2  3  4  5  6  7  8  9 10 11 |
---------------+----------------------------------+-----
Summonings     | 4 5 6 8 10 12 | 12.1
Spellcasting   | 4 5 10 | 10.0
Fighting       | 3 |  3.1
Invocations    | 3 6 |  6.3
Dodging        | |  1.5
Stealth        | |  1.5

Action                     |  1- 3 |  4- 6 |  7- 9 | 10-12 || total
---------------------------+-------+-------+-------+-------++-------
  Melee: Dagger            |    10 |       |       |       ||    10
         Long sword        |    49 |    49 |       |       ||    98
         Unarmed           |     6 |       |       |       ||     6
         Punch             |     1 |       |       |       ||     1
         Halberd           |       |    17 |   166 |    27 ||   210
   Cast: Summon Small Mamm |    27 |    11 |     6 |     1 ||    45
         Call Imp          |    10 |    12 |    21 |     6 ||    49
         Call Canine Famil |       |     7 |    32 |    20 ||    59
         Summon Lightning  |       |       |     5 |     9 ||    14
         Summon Guardian G |       |       |       |     8 ||     8
 Invoke: Ancestor Life: Ba |       |       |     1 |       ||     1
    Use: Scroll            |       |       |       |     8 ||     8
   Stab: Sleeping          |     7 |     3 |     6 |       ||    16
         Distracted        |       |     1 |     2 |       ||     3
 Armour: Robe              |    48 |    54 |    98 |    27 ||   227
  Dodge: Dodged            |    52 |    47 |    91 |    25 ||   215

Table legend: (Time is in decaauts)
 A = Elapsed time spent in this place.
 B = Non-inter-level travel time spent in this place.
 C = Inter-level travel time spent in this place.
 D = Time resting spent in this place.
 E = Time spent auto-exploring this place.
 F = Levels seen in this place.
 G = Mean time per level.
                   A        B        C        D        E       F      G
               +--------+--------+--------+--------+--------+-----+--------+
         Total |  10788 |  10117 |    671 |   1465 |   6741 |  11 |  980.7 |
       Dungeon |  10657 |   9999 |    658 |   1365 |   6741 |  10 | 1065.7 |
        Temple |    130 |    118 |     12 |    100 |      0 |   1 |  130.0 |
               +--------+--------+--------+--------+--------+-----+--------+

Top non-repeatable levels by time:
     D:3: 1392 daAuts
     D:9: 1360 daAuts
     D:5: 1290 daAuts
     D:8: 1191 daAuts
     D:7: 1183 daAuts
     D:1: 1131 daAuts
     D:4: 918 daAuts
     D:2: 910 daAuts
    D:10: 676 daAuts
     D:6: 601 daAuts
  Temple: 130 daAuts
